AoeStats
← zhangchonghui

Nomad

507739117Analyzed
4v4 RM · 13d ago on Sep 19, 2026· 47m 46s· 8 players
Game mode
Random Map
Map size
231×231
Population
200
Speed
Normal
Resources
Standard
Victory
Conquest
Starting age
Dark Age
Ending age
Imperial Age
RankedLock teamsTeams togetherTeam positionsShared explorationLock speedFull tech treeHidden civsTurbo modeCheats
Victory
Defeat
🇨🇳 Spanish · China
1421
+12
🇨🇳 Koreans · China
1419
+12
🇨🇳 Portuguese · China
1384
+13
🇨🇳 Huns · China
1338
+15
🇩🇪 Spanish · Germany
1371
-15
🇬🇧 Japanese · United Kingdom
1355
-14
🇨🇳 Persians · China
1293
-12
🇨🇳 Dravidians · China
1278
-11
milesburkley
4:58 Loom
13:31 Feudal Age
19:37 Fletching
20:17 Double-Bit Axe
21:02 Horse Collar
25:51 Castle Age
23:35 Fishing Lines
27:25 Bow Saw
32:21 Gillnets
33:23 Heavy Plow
37:06 Wheelbarrow
40:44 Imperial Age
38:40 Padded Archer Armor
39:13 Bodkin Arrow
39:52 Ballistics
39:20 Elite Skirmisher
40:59 Leather Archer Armor
41:34 Bracer
43:15 Chemistry
43:40 Ring Archer Armor
45:49 Thumb Ring
Laljia
5:04 Loom
13:46 Feudal Age
15:27 Wheelbarrow
14:38 Town Watch
18:31 Castle Age
18:17 Town Watch
19:05 Double-Bit Axe
27:20 Hand Cart
35:15 Padded Archer Armor
38:19 Husbandry
39:35 Leather Archer Armor
39:46 Bloodlines
44:30 Bow Saw
44:03 Horse Collar
\O/
8:17 Loom
13:02 Feudal Age
18:34 Double-Bit Axe
21:36 Castle Age
22:28 Wheelbarrow
22:20 Horse Collar
24:13 Fletching
25:28 Padded Archer Armor
29:49 Bodkin Arrow
34:16 Hand Cart
38:16 Bow Saw
39:13 Leather Archer Armor
41:05 Ballistics
45:52 Elite Skirmisher
盗无华
6:26 Loom
8:12 Loom
13:10 Feudal Age
14:02 Double-Bit Axe
19:50 Castle Age
18:48 Scale Barding Armor
18:40 Fishing Lines
18:51 Horse Collar
21:04 Chain Barding Armor
22:36 Scale Mail Armor
27:58 Husbandry
28:45 Forging
31:09 Bow Saw
34:25 Stone Mining
34:30 Gold Mining
37:22 Imperial Age
36:00 Iron Casting
36:50 Bloodlines
38:16 Plate Barding Armor
37:17 Cavalier
40:24 Wheelbarrow
39:27 Savar
40:26 Pikeman
42:05 Light Cavalry
45:58 Gold Shaft Mining
47:49 Blast Furnace
2468899547
6:41 Loom
12:43 Feudal Age
16:44 Castle Age
14:41 Double-Bit Axe
21:39 Horse Collar
25:37 Heavy Plow
29:14 Padded Archer Armor
30:10 Leather Archer Armor
31:28 Wheelbarrow
34:08 Hand Cart
33:44 Gold Mining
33:44 Stone Mining
35:21 Husbandry
36:06 Ballistics
35:50 Town Watch
37:10 Town Patrol
40:37 Imperial Age
41:30 Scale Mail Armor
42:01 Ring Archer Armor
42:34 Chemistry
42:34 Bow Saw
42:54 Elite Conquistador
43:55 Conscription
世一上、
5:01 Loom
13:10 Feudal Age
17:45 Castle Age
16:53 Fletching
21:05 Double-Bit Axe
24:34 Bodkin Arrow
28:14 Fishing Lines
29:48 Wheelbarrow
29:25 Bow Saw
28:56 Horse Collar
29:07 Gold Mining
30:54 Gillnets
37:25 Imperial Age
35:16 Hand Cart
34:47 Town Watch
35:18 Padded Archer Armor
36:08 Leather Archer Armor
37:11 Ballistics
36:32 Treadmill Crane
37:17 Heavy Plow
37:08 Stone Mining
36:43 Crossbowman
37:17 Elite Skirmisher
38:04 Thumb Ring
38:39 Bracer
40:06 Chemistry
40:54 Conscription
42:45 Circumnavigation
43:18 Ring Archer Armor
43:49 Two-Man Saw
43:20 Crop Rotation
43:27 Stone Shaft Mining
44:15 Bombard Tower
44:08 Masonry
44:09 Fortified Wall
46:22 Architecture
45:48 Murder Holes
46:46 Siege Engineers
47:15 Coinage
46:55 Guilds
江哥
5:13 Loom
13:12 Feudal Age
17:32 Town Watch
18:48 Stone Mining
21:31 Castle Age
19:55 Double-Bit Axe
21:00 Gold Mining
21:34 Fletching
23:04 Bow Saw
33:29 Bodkin Arrow
34:46 Horse Collar
36:27 Wheelbarrow
42:17 Imperial Age
41:44 Ballistics
42:02 Eupseong
43:26 Conscription
45:26 Chemistry
45:12 Bracer
46:42 Elite War Wagon
48:25 Hand Cart
zhangchonghui
5:20 Loom
14:07 Feudal Age
19:37 Castle Age
18:16 Scale Barding Armor
21:39 Bloodlines
21:34 Double-Bit Axe
23:32 Wheelbarrow
26:42 Gold Mining
30:18 Hand Cart
36:01 Imperial Age
34:04 Husbandry
34:27 Chain Barding Armor
35:23 Forging
35:33 Horse Collar
36:08 Cavalier
37:36 Plate Barding Armor
37:36 Iron Casting
38:06 Conscription
38:19 Paladin
41:05 Blast Furnace
Connection lost

Rejoining the realm…

Still unreachable

The connection could not be restored.

Session expired

The server has moved on; the page needs a fresh start.